 Dungeon Crawl Stone Soup version 0.23.0 (console) character file.

Game seed: 5239749526367272737

203348 mys the Markscentaur (level 17, -9/150 HPs)
             Began as a Centaur Warper on Feb 16, 2019.
             Was the Champion of Okawaru.
             Mangled by a spriggan defender
             ... wielding the cursed +1 lajatang of Satyriasis {antimagic, Fragile Str+9 Int+4 SInv}
              (22 damage)
             ... on level 4 of the Swamp.
             The game lasted 04:02:49 (55434 turns).

mys the Markscentaur (Centaur Warper)              Turns: 55434, Time: 04:02:50

Health: -9/150     AC: 38    Str: 19    XL:     17   Next: 97%
Magic:  1/29       EV:  4    Int: 27    God:    Okawaru [******]
Gold:   2667       SH:  0    Dex: 20    Spells: 3/32 levels left

rFire    + . .     SeeInvis +   q - +9 longbow (flame)
rCold    . . .     Gourm    .   (shield currently unavailable)
rNeg     + . .     Faith    .   A - +9 plate armour of Hairiness {Dex+2}
rPois    +         Spirit   .   e - +2 helmet {Int+3}
rElec    +         Reflect  .   l - scarf {cloud immunity}
rCorr    +         Harm     .   t - +3 pair of gauntlets of War {Slay+5}
MR       +....                  Z - +4 centaur barding {rF+}
Stlth    ..........             x - amulet of the Eleven Shrikes {Inacc rN+ Int+7 Dex+4}
HPRegen  0.35/turn              L - ring "Gitoseb" {rElec Str+6 Dex+3 SInv}
MPRegen  0.21/turn              E - ring "Oclesy" {rCorr +Fly rPois Str-3}

@: very slightly contaminated, very quick
A: large, hooves 3, deformed body, speed 2, strong 1, tough skin 3, MP-powered
wands
}: 1/15 runes: decaying
a: Heroism, Finesse, Renounce Religion, Evoke Flight


You were on level 4 of the Swamp.
You worshipped Okawaru.
Okawaru was exalted by your worship.
You were not hungry.

You visited 5 branches of the dungeon, and saw 28 of its levels.
You also visited: Sewer, Gauntlet and Ice Cave.

You collected 2735 gold pieces.
You spent 68 gold pieces at shops.

Inventory:

Hand Weapons
 q - a +9 longbow of flaming (weapon)
 w - a +3 great mace of flaming
Missiles
 p - 260 arrows (quivered)
 B - 11 tomahawks
Armour
 e - a +2 helmet of intelligence (worn)
 l - a scarf of cloud immunity (worn)
 t - the +3 pair of gauntlets of War (worn) {Slay+5}
   (You found it on level 3 of the Lair of Beasts)

   It affects your accuracy and damage with ranged weapons and melee attacks
   (+5).
 A - the +9 plate armour of Hairiness (worn) {Dex+2}
   (You found it on level 4 of the Dungeon)

   It affects your dexterity (+2).
 C - +0 swamp dragon scales
 Z - a +4 centaur barding of fire resistance (worn)
Jewellery
 a - the ring of Qail {rElec rC- EV+4 Int+5 Dex+4}
   (You found it on level 11 of the Dungeon)

   [ring of evasion]

   It affects your evasion (+4).
   It affects your intelligence (+5).
   It affects your dexterity (+4).
   It makes you vulnerable to cold.
   It insulates you from electricity.
 x - the amulet of the Eleven Shrikes (around neck) {Inacc rN+ Int+7 Dex+4}
   (You found it on level 11 of the Dungeon)

   [amulet of inaccuracy]

   It reduces the accuracy of all your attacks.
   It affects your intelligence (+7).
   It affects your dexterity (+4).
   It protects you from negative energy.
 D - a +5 ring of strength
 E - the ring "Oclesy" (right hand) {rCorr +Fly rPois Str-3}
   (You found it on level 6 of the Lair of Beasts)

   [ring of resist corrosion]

   It affects your strength (-3).
   It protects you from poison.
   It lets you fly.
 L - the ring "Gitoseb" (left hand) {rElec Str+6 Dex+3 SInv}
   (You found it on level 3 of the Swamp)

   [ring of see invisible]

   It affects your strength (+6).
   It affects your dexterity (+3).
   It insulates you from electricity.
   It lets you see invisible.
 N - a +4 amulet of reflection
Wands
 b - a wand of disintegration (14)
 c - a wand of iceblast (23)
 m - a wand of digging (12)
 s - a wand of polymorph (26)
 y - a wand of scattershot (13)
 O - a wand of acid (18)
 R - a wand of paralysis (27)
Scrolls
 g - 11 scrolls of identify
 o - a scroll of amnesia
 r - 4 scrolls of fear
 u - 15 scrolls of teleportation
 v - 20 scrolls of remove curse
 z - a scroll of summoning
 J - a scroll of fog
 U - 3 scrolls of magic mapping
Potions
 d - 2 potions of lignification
 h - 8 potions of curing
 i - a potion of heal wounds
 j - a potion of flight
 k - 4 potions of cancellation
 F - 4 potions of agility
 G - 3 potions of magic
 I - a potion of resistance
 K - 6 potions of haste
 M - a potion of mutation
 P - a potion of invisibility
 S - 2 potions of brilliance
 T - 3 potions of might
 Y - a potion of berserk rage
Miscellaneous
 H - a box of beasts
Comestibles
 f - 37 rations


   Skills:
 + Level 13.3 Fighting
 + Level 13.5 Maces & Flails
 + Level 20.1 Bows
 + Level 2.5 Throwing
 + Level 8.6 Armour
 + Level 3.1 Dodging
 - Level 0.4 Stealth
 + Level 8.4 Spellcasting
 + Level 4.1 Charms
 * Level 12.6 Translocations
 + Level 1.0 Evocations


You had 3 spell levels left.
You knew the following spells:

 Your Spells              Type           Power        Failure   Level  Hunger
a - Shroud of Golubria    Chrm/Tloc      ######....   5%          2    None
b - Lesser Beckoning      Tloc           ######....   1%          3    None
c - Teleport Other        Tloc           ######..     1%          3    None
d - Swiftness             Chrm/Air       ###.....     56%         2    None
g - Passage of Golubria   Tloc           N/A          6%          4    ##.....
s - Song of Slaying       Chrm           ####....     30%         2    None
x - Blink                 Tloc           N/A          1%          2    None
z - Portal Projectile     Hex/Tloc       #####.       24%         3    None
X - Controlled Blink      Tloc           N/A          100%        8    #######

Your spell library contained the following spells:

 Spells                   Type           Power        Failure   Level  Hunger
 Gell's Gravitas          Tloc           ######....   1%          3    None
 Infusion                 Chrm           ####         21%         1    None
 Animate Skeleton         Necr           N/A          73%         1    None
 Confusing Touch          Hex            ##....       73%         1    None
 Flame Tongue             Conj/Fire      ##...        73%         1    None
 Magic Dart               Conj           ##..         73%         1    None
 Pain                     Necr           ##..         73%         1    None
 Summon Small Mammal      Summ           ##..         73%         1    None
 Regeneration             Chrm/Necr      ###.......   80%         3    None
 Spectral Weapon          Hex/Chrm       ###.....     80%         3    None
 Call Imp                 Summ           ##......     86%         2    None
 Passwall                 Tmut/Erth      ##......     86%         2    None
 Slow                     Hex            ##......     86%         2    None
 Sticks to Snakes         Tmut           ##......     86%         2    None
 Throw Flame              Conj/Fire      ##....       86%         2    None
 Call Canine Familiar     Summ           ##......     97%         3    None
 Confuse                  Hex            ##......     97%         3    None
 Conjure Flame            Conj/Fire      ##......     97%         3    None
 Ignite Poison            Fire/Tmut/Pois ##......     97%         3    None
 Inner Flame              Hex/Fire       ##......     97%         3    None
 Mephitic Cloud           Conj/Pois/Air  ##......     97%         3    None
 Spider Form              Tmut/Pois      ##........   97%         3    None
 Summon Guardian Golem    Hex/Summ       ##......     97%         3    None
 Vampiric Draining        Necr           ##........   97%         3    None
 Force Lance              Conj/Tloc      #####...     63%         4    ##.....
 Dispersal                Tloc           ######....   67%         6    ######.
 Animate Dead             Necr           N/A          100%        4    ##.....
 Ice Form                 Ice/Tmut       ##......     100%        4    ##.....
 Petrify                  Tmut/Erth      ##......     100%        4    ##.....
 Sticky Flame             Conj/Fire      ##......     100%        4    ##.....
 Summon Ice Beast         Ice/Summ       ##......     100%        4    ##.....
 Summon Lightning Spire   Summ/Air       ##......     100%        4    ##.....
 Bolt of Magma            Conj/Fire/Erth ##........   100%        5    ####...
 Fireball                 Conj/Fire      ##........   100%        5    ####...
 Iskenderun's Battlesphe  Conj/Chrm      ###.....     100%        5    ####...
 Lee's Rapid Deconstruct  Erth           ##........   100%        5    ####...
 Metabolic Englaciation   Hex/Ice        ##........   100%        5    ####...
 Venom Bolt               Conj/Pois      ##........   100%        5    ####...
 Yara's Violent Unravell  Hex/Tmut       ##........   100%        5    ####...
 Darkness                 Hex            ##........   100%        6    ######.
 Invisibility             Hex            ##......     100%        6    ######.
 Iron Shot                Conj/Erth      ##........   100%        6    ######.
 Statue Form              Tmut/Erth      ##.......    100%        6    ######.
 Orb of Destruction       Conj           ##........   100%        7    #######
 Spellforged Servitor     Conj/Summ      ##........   100%        7    #######
 Disjunction              Tloc           ######....   100%        8    #######


Dungeon Overview and Level Annotations

Branches:
Dungeon (15/15)            Temple (1/1) D:5            Lair (6/6) D:9
  Swamp (4/4) Lair:3        Snake (0/4) Lair:3        Slime (0/5) Lair:6
    Orc (2/2) D:9             Elf (0/3) Orc:2        Vaults (0/5) D:13
 Depths (0/5) D:15

Altars:
Ashenzari
Cheibriados
Dithmenos
Elyvilon
Fedhas
Gozag
Hepliaklqana
Kikubaaqudgha
Makhleb
Nemelex Xobeh
Okawaru
Qazlal
Ru
Sif Muna
Trog
Uskayaw
Vehumet
Wu Jian
Xom
Yredelemnul
Zin
The Shining One

Shops:
D:6 *   D:11 ?   D:15 :[}   Orc:2 (:%(

Portals:
Trove: D:12 (give 3 potions of resistance)

Annotations:
D:3 Eustachio
D:9 Stash 1
D:12 Trove: 3 potions of resistance
D:13 Stash 2
Swamp:1 1 transporter
Swamp:4 martbhell's ghost, adept MiBe


Innate Abilities, Weirdness & Mutations

You have hooves in place of feet.
Armour fits poorly on your strangely shaped body.
You cover ground very quickly.
You have extremely tough skin. (AC +3)
Your muscles are strong. (Str +2)
You expend magic power (3 MP) to strengthen your wands.


Message History

Firing (i - inventory. (/) - cycle)
p - 263 arrows (quivered)
Press: ? - help, Shift-Dir - straight line, f - spriggan defender
Aim: a spriggan defender, wielding the +1 lajatang of Satyriasis {antimagic, Fragile Str+9 Int+4 SInv} and wearing a +0 robe (moderately wounded, berserk, fast, unusually strong)
You shoot an arrow. The arrow hits the spriggan defender.
The arrow burns the spriggan defender.
The spriggan defender is moderately wounded.
You hear a splash.
You hear an angry growl.
Firing (i - inventory. (/) - cycle)
p - 262 arrows (quivered)
Press: ? - help, Shift-Dir - straight line, f/p - spriggan defender
Aim: a spriggan defender, wielding the +1 lajatang of Satyriasis {antimagic, Fragile Str+9 Int+4 SInv} and wearing a +0 robe (moderately wounded, berserk, fast, unusually strong)
You shoot an arrow. The arrow hits the spriggan defender!!
The arrow burns the spriggan defender.
The spriggan defender is heavily wounded.
Firing (i - inventory. (/) - cycle)
p - 261 arrows (quivered)
Press: ? - help, Shift-Dir - straight line, f/p - spriggan defender
Aim: a spriggan defender, wielding the +1 lajatang of Satyriasis {antimagic, Fragile Str+9 Int+4 SInv} and wearing a +0 robe (heavily wounded, berserk, fast, unusually strong)
You shoot an arrow.
The arrow closely misses the spriggan defender.
You hear a shout!
You hear a shout!
You hear a roar!
The spriggan defender hits you with the cursed +1 lajatang of Satyriasis {antimagic, Fragile Str+9 Int+4 SInv}!!
You die...

.##...h..###......≈≈≈♣
..###.yi###......≈...♣
≈...#####....≈≈≈...≈♣♣
......©....≈.≈.....≈♣♣
≈...≈....§...≈≈....≈§♣
.....≈.≈≈(.≈.≈≈≈≈≈≈.♣♣
......≈≈≈(..........≈♣
≈≈.....≈......≈....≈.♣
.≈≈≈.....≈......≈..≈♣♣
.≈≈...≈≈≈.§..≈..≈..≈.♣
..≈.≈...≈.≈≈≈..i@≈≈.≈♣
.≈.≈...≈.....≈.......♣
≈...≈.........≈...≈≈.♣
≈≈≈≈.....≈≈≈...≈..≈.♣♣
≈.≈..≈≈...≈.≈..≈≈..≈.♣
.§≈≈..≈≈..≈..≈§≈≈≈≈≈.♣
.≈.≈≈...≈...≈...≈§..♣♣
≈≈≈§.≈.≈≈≈......≈.§.♣
....≈..≈.≈.≈....≈≈.♣♣
...≈..≈.≈...§≈..≈..♣♣
...≈.≈≈≈≈..≈≈.§.....♣♣


You could see a spriggan defender (berserk).

Vanquished Creatures
  the Lernaean hydra (Swamp:4)
  Saint Roka (Orc:2)
  Nikola (Swamp:3)
  3 thorn hunters
  Roxanne (D:15)
  The ghost of Scypier the Basher, a journeyman DsAK of Lugonu (Orc:2)
  An emperor scorpion (D:14)
  Louise (D:15)
  A reaper (IceCv)
  A minotaur (Gauntlet)
  Nessos (D:15)
  A minotaur (shapeshifter) (D:15)
  The ghost of flt the Grappler, a journeyman TrMo of Elyvilon (Lair:3)
  A spark wasp (shapeshifter) (D:14)
  Azrael (D:15)
  A fire dragon (Lair:6)
  Josephine (Orc:1)
  A death ooze (Gauntlet)
  An ogre mage (D:13)
  2 shambling mangroves
  A catoblepas (D:12)
  4 centaur warriors
  5 two-headed ogres
  The ghost of octopodrick the Nimble, a journeyman OpCK of Nemelex Xobeh (Lair:1)
  The ghost of Turgor the Quickloader, a novice CeHu of Okawaru (Lair:1)
  28 hydras
  5 ghost crabs
  A tengu warrior (D:12)
  15 alligators
  17 death yaks
  Urug (Lair:6)
  2 deep troll earth magi (D:12)
  A dancing weapon (Orc:2)
  4 orc high priests
  The ghost of Froggeryz the Grappler, a novice NaTm of Cheibriados (Lair:1)
  Sonja (Lair:5)
  4 skeletal warriors
  The ghost of cada the Chopper, a novice FoFi (D:15)
  3 spriggan druids
  A glowing orange brain (D:14)
  3 unseen horrors
  2 orc knights (Orc:2)
  11 swamp dragons
  3 oklob plants (Lair:1)
  5 orc sorcerers
  9 cyclopes
  A manticore (shapeshifter) (Gauntlet)
  11 ugly things
  3 manticores
  13 elephants
  Joseph (Lair:1)
  3 gargoyles
  2 torpor snails
  19 spiny frogs
  2 ice statues (IceCv)
  A yaktaur (D:14)
  4 kobold demonologists
  A komodo dragon (shapeshifter) (Gauntlet)
  14 komodo dragons
  5 rime drakes
  10 ice devils
  A freezing wraith (D:14)
  9 trolls
  11 polar bears
  A meliai (D:12)
  12 hornets
  10 tyrant leeches
  21 bog bodies
  Prince Ribbit (D:6)
  7 hippogriffs
  9 blink frogs
  7 dream sheep (Lair:6)
  18 slime creatures
  2 raiju (Lair:6)
  A centaur simulacrum (D:14)
  A vampire (D:14)
  3 shadows
  6 spriggans
  4 wraiths
  37 yaks
  6 fire elementals
  A golden eye (shapeshifter) (Gauntlet)
  2 water elementals (D:13)
  4 wyverns
  4 basilisks
  12 vampire mosquitoes
  5 hungry ghosts
  18 swamp worms
  15 wargs
  19 insubstantial wisps
  2 nagas (Lair:3)
  A soldier ant (D:11)
  26 water moccasins
  3 acid dragons (Lair:6)
  A soldier ant (shapeshifter) (D:15)
  Duvessa (D:6)
  2 floating eyes (shapeshifter)
  17 hell hounds
  7 porcupines
  4 ice beasts
  14 swamp drakes
  5 sky beasts
  A meliai simulacrum (D:15)
  5 phantoms
  A necrophage (D:15)
  28 orc warriors
  An eye of draining (shapeshifter) (Gauntlet)
  12 black bears
  3 boggarts (D:15)
  An eye of draining (D:10)
  7 ogres
  49 wolves
  14 centaurs
  22 crocodiles
  6 big kobolds
  21 bullfrogs
  A wyvern zombie (D:14)
  Dowan (D:6)
  3 wyvern skeletons
  6 scorpions
  4 killer bees (D:10)
  7 wights
  12 electric eels
  6 howler monkeys
  7 lava snakes (D:12)
  7 centaur zombies
  9 crimson imps
  A quasit (D:11)
  2 bullfrog zombies
  2 jellies
  20 orc wizards
  3 bullfrog skeletons
  29 orc priests
  2 gnoll shamans (D:7)
  3 hounds
  2 centaur skeletons
  7 iguanas
  18 worker ants
  3 hound zombies
  2 hound skeletons (D:8)
  A worker ant zombie (D:6)
  11 gnolls
  31 adders
  A howler monkey skeleton (D:7)
  6 shadow imps
  5 white imps (IceCv)
  8 ufetubi (IceCv)
  10 oozes
  3 worms
  A dart slug (D:3)
  The ghost of mitkoXXVII the Digger, a weakling FoEE (D:3)
  16 leopard geckos
  73 orcs
  5 bats
  12 giant cockroaches
  5 goblins
  6 hobgoblins
  8 jackals
  22 kobolds
  4 quokkas
  18 ball pythons
  10 frilled lizards
  A leopard gecko zombie (D:5)
  A quokka skeleton (D:4)
  4 rats
  2 briar patches (Swamp:4)
  2 fire vortices (D:12)
  2 plants
1170 creatures vanquished.

Vanquished Creatures (others)
  2 alligators (Swamp:3)
  A wizard (D:13)
  A centaur skeleton (D:15)
  3 blink frogs (Swamp:4)
  A bog body (Swamp:3)
  A swamp worm (Swamp:3)
  An orc priest (Orc:2)
  5 white imps (IceCv)
  5 ufetubi (IceCv)
  An orc (Orc:2)
  A kobold (D:11)
  3 bushes (Lair:6)
  19 fungi
  47 plants
91 creatures vanquished.

Grand Total: 1261 creatures vanquished

Notes
Turn   | Place    | Note
-------+----------+-------------------------------------------
     0 | D:1      | mys the Centaur Warper began the quest for the Orb.
     0 | D:1      | Reached XP level 1. HP: 17/17 MP: 3/3
   290 | D:1      | Reached XP level 2. HP: 15/24 MP: 4/4
   298 | D:1      | Learned a level 2 spell: Shroud of Golubria
   301 | D:1      | Learned a level 2 spell: Blink
   771 | D:2      | Found a burning altar of Makhleb.
   826 | D:2      | Found a snail-covered altar of Cheibriados.
  1208 | D:2      | Reached skill level 1 in Armour
  1208 | D:2      | Reached XP level 3. HP: 24/29 MP: 2/5
  1524 | D:3      | Found a runed translucent gate.
  1524 | D:3      | Found a runed translucent gate.
  1524 | D:3      | Found a runed translucent gate.
  1883 | D:3      | Reached XP level 4. HP: 21/37 MP: 6/6
  2662 | D:3      | Noticed mitkoXXVII's ghost (weakling FoEE)
  2672 | D:3      | Killed mitkoXXVII's ghost
  3658 | D:3      | Reached XP level 5. HP: 37/42 MP: 5/7
  4373 | D:4      | Noticed Eustachio
  4712 | D:4      | Noticed a phantom
  4791 | D:4      | Found a shadowy altar of Dithmenos.
  4806 | D:4      | Found a glowing drain.
  4818 | Sewer    | Entered a sewer
  4914 | Sewer    | Reached XP level 6. HP: 44/50 MP: 6/8
  5631 | D:4      | Got a blackened plate armour
  5646 | D:4      | Identified the +9 plate armour of Hairiness {Dex+2} (You
                  | found it on level 4 of the Dungeon)
  5762 | D:4      | Reached XP level 7. HP: 50/57 MP: 10/10
  5975 | D:4      | Reached skill level 5 in Maces & Flails
  5975 | D:4      | Reached skill level 1 in Charms
  6059 | D:5      | Entered Level 5 of the Dungeon
  6059 | D:5      | Found a deep blue altar of Sif Muna.
  6138 | D:5      | Found a sacrificial altar of Ru.
  6189 | D:5      | Found a sparkling altar of Nemelex Xobeh.
  6232 | D:5      | Reached XP level 8. HP: 64/66 MP: 11/11
  6308 | D:5      | Found a staircase to the Ecumenical Temple.
  6316 | Temple   | Entered the Ecumenical Temple
  6323 | Temple   | Became a worshipper of Warmaster Okawaru
  6377 | D:5      | Found an opulent altar of Gozag.
  6662 | D:6      | Reached skill level 1 in Bows
  6687 | D:6      | Found a shattered altar of Ashenzari.
  6696 | D:6      | Noticed Dowan
  6698 | D:6      | Noticed Duvessa
  6714 | D:6      | Killed Duvessa
  6723 | D:6      | Killed Dowan
  6732 | D:6      | Reached skill level 2 in Bows
  7301 | D:6      | Reached * piety under Okawaru
  7301 | D:6      | Reached skill level 3 in Bows
  7518 | D:6      | Found Desh's General Store.
  7583 | D:6      | Noticed Prince Ribbit
  7601 | D:6      | Killed Prince Ribbit
  7886 | D:7      | Reached skill level 4 in Bows
  7921 | D:7      | Found a deep blue altar of Sif Muna.
  7979 | D:7      | Reached XP level 9. HP: 70/72 MP: 12/12
  8032 | D:7      | Reached skill level 5 in Translocations
  8099 | D:7      | Killed an unseen horror
  8099 | D:7      | Reached skill level 5 in Bows
  8495 | D:7      | Reached ** piety under Okawaru
  9011 | D:8      | Noticed a two-headed ogre
  9022 | D:8      | Killed a two-headed ogre
  9022 | D:8      | Reached skill level 5 in Fighting
  9058 | D:8      | Learned a level 4 spell: Passage of Golubria
  9062 | D:8      | Learned a level 3 spell: Teleport Other
  9170 | D:8      | Found a stormy altar of Qazlal.
  9262 | D:8      | Found a radiant altar of Vehumet.
  9340 | D:8      | Reached *** piety under Okawaru
  9377 | D:8      | Reached XP level 10. HP: 78/81 MP: 13/13
 10237 | D:9      | Reached skill level 6 in Bows
 11000 | D:9      | Found a staircase to the Lair.
 11545 | D:9      | Found a staircase to the Orcish Mines.
 11970 | D:9      | Found a glowing silver altar of Zin.
 12283 | D:10     | Entered Level 10 of the Dungeon
 12415 | D:10     | Reached **** piety under Okawaru
 13286 | D:10     | Reached skill level 7 in Bows
 13612 | D:10     | Noticed a seven-headed hydra
 14068 | D:10     | Killed a seven-headed hydra
 14283 | D:10     | Noticed a two-headed ogre
 14312 | D:10     | Killed a two-headed ogre
 14312 | D:10     | Received a gift from Okawaru
 14312 | D:10     | Reached ***** piety under Okawaru
 14312 | D:10     | Reached skill level 8 in Bows
 14312 | D:10     | Reached XP level 11. HP: 89/89 MP: 17/17
 14459 | Lair:1   | Entered Level 1 of the Lair of Beasts
 14459 | Lair:1   | Noticed a four-headed hydra
 14978 | D:9      | Killed a four-headed hydra
 15938 | D:11     | Noticed a cyan ugly thing
 15958 | D:11     | Killed a brown ugly thing
 16099 | D:11     | Found Sommistri's Magic Scroll Emporium.
 16110 | D:11     | Bought a scroll of identify for 34 gold pieces
 16111 | D:11     | Bought a scroll of identify for 34 gold pieces
 16137 | D:11     | Received a gift from Okawaru
 16208 | D:11     | Noticed a sixfirhy
 16742 | D:10     | Received a gift from Okawaru
 16859 | D:11     | Received a gift from Okawaru
 17028 | D:11     | Reached skill level 5 in Spellcasting
 17057 | D:11     | Noticed a six-headed hydra
 17088 | D:11     | Killed a six-headed hydra
 17088 | D:11     | Received a gift from Okawaru
 17088 | D:11     | Reached skill level 9 in Bows
 17143 | D:11     | Got a warped leather armour
 17154 | D:11     | Identified the +0 leather armour "Notzop" {*Corrode rF++}
                  | (You found it on level 11 of the Dungeon)
 17255 | D:11     | Noticed a brown ugly thing
 17310 | D:11     | Killed a green ugly thing
 17802 | D:11     | Identified the ring of Reimbursement {rCorr rPois Int+4}
 18477 | D:11     | Paralysed by a floating eye for 2 turns
 18604 | D:11     | Reached XP level 12. HP: 100/100 MP: 20/20
 18630 | D:11     | Reached skill level 10 in Bows
 18746 | D:11     | Got a pitted tin ring
 18748 | D:11     | Identified the ring of Qail {rElec rC- EV+4 Int+5 Dex+4}
                  | (You found it on level 11 of the Dungeon)
 18764 | D:11     | Got a slimy steel ring
 18767 | D:11     | Got a pitted zirconium amulet
 18768 | D:11     | Identified the amulet of the Eleven Shrikes {Inacc rN+
                  | Int+7 Dex+4} (You found it on level 11 of the Dungeon)
 18772 | D:11     | Identified the ring "Aghieniv" {Ice +Blink rElec Str+2}
                  | (You found it on level 11 of the Dungeon)
 18863 | D:12     | Reached skill level 5 in Armour
 18929 | D:12     | Learned a level 3 spell: Lesser Beckoning
 19029 | D:12     | Found a sacrificial altar of Ru.
 19279 | D:12     | Received a gift from Okawaru
 19621 | D:12     | Noticed a two-headed ogre
 19621 | D:12     | Noticed a centaur warrior
 19657 | D:12     | Killed a two-headed ogre
 19657 | D:12     | Reached ****** piety under Okawaru
 19657 | D:12     | Received a gift from Okawaru
 19709 | D:12     | Noticed a four-headed hydra
 19753 | D:12     | Killed a centaur warrior
 19753 | D:12     | Reached skill level 10 in Maces & Flails
 20015 | D:12     | Killed a four-headed hydra
 20015 | D:12     | Reached skill level 11 in Bows
 20082 | D:12     | Noticed a catoblepas
 20509 | D:12     | Killed a catoblepas
 20656 | D:12     | Noticed a tengu warrior
 20702 | D:12     | Killed a tengu warrior
 20878 | D:12     | Found a portal to a secret trove of treasure.
 21005 | D:12     | Noticed a deep troll earth mage
 21094 | D:12     | Killed a deep troll earth mage
 21231 | D:12     | Noticed a deep troll earth mage
 21258 | D:12     | Killed a deep troll earth mage
 21258 | D:12     | Reached skill level 12 in Bows
 21319 | D:12     | Got a pitted great sword
 21320 | D:12     | Identified the +9 great sword "Wikla" {flame, rPois rF+
                  | rN++ Dex+3} (You found it on level 12 of the Dungeon)
 21534 | D:13     | Found a gate leading to a gauntlet.
 21552 | Gauntlet | Entered a Gauntlet
 21552 | Gauntlet | Found a transporter.
 21552 | Gauntlet | Found a transporter.
 21553 | Gauntlet | Noticed a death ooze
 21659 | Gauntlet | Found a transporter.
 21677 | Gauntlet | Found a transporter.
 21682 | Gauntlet | Noticed a tengu warrior
 21689 | Gauntlet | Found a transporter.
 21693 | Gauntlet | Found a transporter.
 21705 | Gauntlet | Found a transporter.
 21721 | Gauntlet | Found a transporter.
 21736 | Gauntlet | Found a transporter.
 21739 | Gauntlet | Found a transporter.
 21751 | Gauntlet | Found a transporter.
 21755 | Gauntlet | Found a transporter.
 21793 | Gauntlet | Killed a death ooze
 22005 | Gauntlet | Noticed an anaconda
 22012 | Gauntlet | an anaconda changed into a swamp worm
 22018 | Gauntlet | Noticed an anaconda
 22018 | Gauntlet | a glowing orange brain changed into an anaconda
 22022 | Gauntlet | Noticed a fire dragon
 22022 | Gauntlet | an anaconda changed into a fire dragon
 22024 | Gauntlet | Noticed a great orb of eyes
 22024 | Gauntlet | a fire dragon changed into a great orb of eyes
 22026 | Gauntlet | Noticed a fire dragon
 22026 | Gauntlet | a great orb of eyes changed into a fire dragon
 22027 | Gauntlet | Noticed a satyr
 22027 | Gauntlet | a fire dragon changed into a satyr
 22029 | Gauntlet | Noticed a fire dragon
 22029 | Gauntlet | a satyr changed into a fire dragon
 22032 | Gauntlet | Noticed an ice dragon
 22032 | Gauntlet | a fire dragon changed into an ice dragon
 22041 | Gauntlet | Noticed an ettin
 22041 | Gauntlet | an ice dragon changed into an ettin
 22043 | Gauntlet | Noticed a fire dragon
 22043 | Gauntlet | an ettin changed into a fire dragon
 22046 | Gauntlet | Noticed a satyr
 22046 | Gauntlet | a fire dragon changed into a satyr
 22048 | Gauntlet | Noticed an alligator
 22048 | Gauntlet | a satyr changed into an alligator
 22049 | Gauntlet | Noticed a queen ant
 22049 | Gauntlet | an alligator changed into a queen ant
 22054 | Gauntlet | Noticed a minotaur
 22054 | Gauntlet | a queen ant changed into a minotaur
 22056 | Gauntlet | Noticed a dire elephant
 22056 | Gauntlet | a minotaur changed into a dire elephant
 22057 | Gauntlet | Got a sparkling tin ring
 22057 | Gauntlet | Noticed a sphinx
 22057 | Gauntlet | a dire elephant changed into a sphinx
 22058 | Gauntlet | Noticed an azure jelly
 22058 | Gauntlet | a sphinx changed into an azure jelly
 22059 | Gauntlet | Noticed a minotaur
 22059 | Gauntlet | an azure jelly changed into a minotaur
 22192 | Gauntlet | Identified the ring of Ocoobod {rC+ MR- MP+9 Slay+3} (You
                  | found it in a Gauntlet)
 22205 | Gauntlet | Identified the +1 hand axe "Yxaud" {drain, rC+ Int+4}
 22205 | Gauntlet | Noticed a minotaur
 22218 | Gauntlet | Killed a minotaur
 22218 | Gauntlet | Reached XP level 13. HP: 81/110 MP: 22/22
 22553 | D:13     | Found a gate to the Vaults.
 22668 | D:13     | Received a gift from Okawaru
 22946 | D:13     | Received a gift from Okawaru
 23599 | D:13     | Received a gift from Okawaru
 23599 | D:13     | Reached skill level 13 in Bows
 24404 | D:14     | Reached skill level 14 in Bows
 25323 | D:14     | Noticed a spark wasp
 25374 | D:14     | Killed a spark wasp
 25769 | D:15     | Entered Level 15 of the Dungeon
 25951 | D:15     | Noticed Louise
 26471 | D:15     | Identified Roxanne's Handbook of Shape Shifting
 26471 | D:15     | Noticed Roxanne
 26700 | D:15     | Killed Roxanne
 26700 | D:15     | Received a gift from Okawaru
 26700 | D:15     | Reached XP level 14. HP: 119/119 MP: 23/23
 26723 | D:15     | Found Ywammess's Armour Emporium.
 26806 | D:15     | Noticed Nessos
 26818 | D:15     | Killed Nessos
 26818 | D:15     | Received a gift from Okawaru
 26818 | D:15     | Reached skill level 10 in Fighting
 27133 | D:15     | Killed Louise
 27408 | D:15     | Noticed Azrael
 27603 | D:15     | Killed Azrael
 27603 | D:15     | Reached skill level 15 in Bows
 27888 | D:15     | Noticed an entropy weaver
 27888 | D:15     | a seven-headed hydra changed into an entropy weaver
 27937 | D:15     | Found a staircase to the Depths.
 28031 | D:15     | Found Fonakoiq's Book Shop.
 28172 | D:15     | Noticed an emperor scorpion
 28786 | D:14     | Killed an emperor scorpion
 28988 | D:15     | Found a runed translucent door.
 28988 | D:15     | Noticed cada's ghost (novice FoFi)
 29071 | D:15     | Killed cada's ghost
 29262 | D:15     | Learned a level 8 spell: Controlled Blink
 29338 | D:15     | Found Xymn's Gadget Boutique.
 29463 | D:15     | Received a gift from Okawaru
 30207 | Lair:1   | Found a runed translucent gate.
 30208 | Lair:1   | Found a runed translucent gate.
 30208 | Lair:1   | Found a runed translucent gate.
 30208 | Lair:1   | Noticed Turgor's ghost (novice CeHu)
 30209 | Lair:1   | Noticed Froggeryz's ghost (novice NaTm)
 30209 | Lair:1   | Noticed octopodrick's ghost (journeyman OpCK)
 30243 | Lair:1   | Killed octopodrick's ghost
 30255 | Lair:1   | Killed Froggeryz's ghost
 30268 | Lair:1   | Killed Turgor's ghost
 30341 | Lair:1   | Got a pitted silver ring
 30343 | Lair:1   | Identified the ring "Pufedaup" {rCorr rPois Dex+3 Slay-5
                  | Stlth+} (You found it on level 1 of the Lair of Beasts)
 30550 | Lair:1   | Learned a level 2 spell: Song of Slaying
 30644 | Lair:1   | Noticed Joseph
 30652 | Lair:1   | Killed Joseph
 31372 | Lair:1   | Reached skill level 16 in Bows
 31602 | Lair:2   | Received a gift from Okawaru
 32105 | Lair:2   | Found a blossoming altar of Fedhas.
 32689 | Lair:3   | Noticed flt's ghost (journeyman TrMo)
 32701 | Lair:3   | Found a frozen archway.
 32759 | IceCv    | Entered an ice cave
 33135 | IceCv    | Reached XP level 15. HP: 124/128 MP: 25/25
 34164 | IceCv    | Got a crude leather armour
 34175 | IceCv    | Identified the +2 leather armour "Qoiril" {rElec rPois
                  | Str-3 Int+6} (You found it in an ice cave)
 34666 | Lair:3   | Found a runed translucent door.
 34667 | Lair:3   | Found the +3 pair of gauntlets of War {Slay+5}
 34701 | Lair:3   | Reached skill level 1 in Evocations
 34746 | Lair:3   | Found a staircase to the Snake Pit.
 34873 | Lair:3   | Found a staircase to the Swamp.
 35093 | Lair:3   | Killed flt's ghost
 35856 | Lair:3   | Learned a level 2 spell: Swiftness
 36394 | Lair:4   | Received a gift from Okawaru
 36395 | Lair:4   | Got a distressingly furry ring mail {god gift}
 36408 | Lair:4   | Identified the +1 ring mail of Modesty {rF- rC+ Str+4}
                  | (Okawaru gifted it to you on level 4 of the Lair of Beasts)
 36631 | Lair:4   | Reached skill level 17 in Bows
 37761 | Lair:5   | Reached skill level 10 in Translocations
 37790 | Lair:5   | Noticed Sonja
 37792 | Lair:5   | Killed Sonja
 38146 | Lair:6   | Entered Level 6 of the Lair of Beasts
 38146 | Lair:6   | Noticed Urug
 38268 | Lair:6   | Got a steaming ivory ring
 38278 | Lair:6   | Identified the ring "Oclesy" {rCorr +Fly rPois Str-3} (You
                  | found it on level 6 of the Lair of Beasts)
 38464 | Lair:6   | Found a staircase to the Slime Pits.
 38820 | Lair:6   | Killed Urug
 38852 | Lair:6   | Received a gift from Okawaru
 38947 | Lair:6   | Received a gift from Okawaru
 39160 | Lair:6   | Reached XP level 16. HP: 129/138 MP: 22/27
 39939 | Lair:6   | Reached skill level 18 in Bows
 42046 | D:9      | Learned a level 3 spell: Portal Projectile
 42341 | Swamp:1  | Entered Level 1 of the Swamp
 42398 | Swamp:1  | Found a transporter.
 42679 | Swamp:1  | Received a gift from Okawaru
 42755 | Swamp:1  | Noticed a thorn hunter
 42943 | Swamp:1  | Received a gift from Okawaru
 43059 | Swamp:1  | Found a transporter.
 43061 | Swamp:1  | Identified the cursed ring of Vejurucw {+Fly rElec MR+
                  | AC-3}
 43133 | Swamp:1  | Got a jewelled leather armour
 43142 | Swamp:1  | Got a warped robe
 43159 | Swamp:1  | Identified the +1 leather armour of Dramatic Exits {-Tele
                  | rPois rCorr Dex+4} (You found it on level 1 of the Swamp)
 43169 | Swamp:1  | Identified the cursed +1 robe "Pojaux" {+Fly Str+2} (You
                  | found it on level 1 of the Swamp)
 43420 | Swamp:1  | Received a gift from Okawaru
 43421 | Swamp:1  | Got a blackened ring mail {god gift}
 43432 | Swamp:1  | Identified the +2 ring mail "Uppuak" {rC+ Regen+ Str+3
                  | SInv} (Okawaru gifted it to you on level 1 of the Swamp)
 46413 | D:9      | Gained mutation: Your spells are a little easier to cast,
                  | but a little less powerful. [potion of mutation]
 46413 | D:9      | Gained mutation: You have a somewhat thin skeletal
                  | structure. (Dex +2, Stealth) [potion of mutation]
 46414 | D:9      | Lost mutation: Your spells are a little easier to cast, but
                  | a little less powerful. [potion of mutation]
 46414 | D:9      | Lost mutation: You have a somewhat thin skeletal structure.
                  | (Dex +2, Stealth) [potion of mutation]
 46414 | D:9      | Gained mutation: You expend magic power (3 MP) to
                  | strengthen your wands. [potion of mutation]
 46414 | D:9      | Gained mutation: Your muscles are strong. (Str +2) [potion
                  | of mutation]
 46444 | Orc:1    | Entered Level 1 of the Orcish Mines
 46734 | Orc:2    | Entered Level 2 of the Orcish Mines
 46740 | Orc:2    | Noticed Saint Roka
 46894 | Orc:2    | Noticed Josephine
 46903 | Orc:1    | Killed Josephine
 47654 | Orc:2    | Paralysed by an orc sorcerer for 2 turns
 48629 | Orc:2    | Received a gift from Okawaru
 49087 | Orc:2    | Killed Saint Roka
 49087 | Orc:2    | Received a gift from Okawaru
 49087 | Orc:2    | Reached skill level 19 in Bows
 49087 | Orc:2    | Reached XP level 17. HP: 96/148 MP: 29/29
 49180 | Orc:2    | Found a staircase to the Elven Halls.
 49303 | Orc:2    | Found a runed translucent door.
 49308 | Orc:2    | Found a shimmering altar of Xom.
 49308 | Orc:2    | Noticed Scypier's ghost (journeyman DsAK)
 49334 | Orc:2    | Killed Scypier's ghost
 49786 | Orc:2    | Found Ynozof's Food Shop.
 49787 | Orc:2    | Found Cucof's Weapon Boutique.
 49788 | Orc:2    | Found Ijiap's Book Boutique.
 49792 | Orc:2    | Found Usag Utwall's Antique Weapon Shop.
 50857 | Swamp:3  | Received a gift from Okawaru
 51130 | Swamp:3  | Noticed Nikola
 51148 | Swamp:3  | HP: 2/148 [thorn hunter/volley of thorns (29)]
 52156 | Swamp:3  | Killed Nikola
 52156 | Swamp:3  | Received a gift from Okawaru
 52361 | Swamp:3  | Got a serpentine bronze ring
 52363 | Swamp:3  | Identified the ring "Gitoseb" {rElec Str+6 Dex+3 SInv} (You
                  | found it on level 3 of the Swamp)
 52781 | Swamp:4  | Entered Level 4 of the Swamp
 53503 | Swamp:4  | Noticed the 27-headed Lernaean hydra
 53787 | Swamp:4  | Killed the 27-headed Lernaean hydra
 53787 | Swamp:4  | Received a gift from Okawaru
 53849 | Swamp:4  | Got a decaying rune of Zot
 54051 | Swamp:4  | Reached skill level 20 in Bows
 54287 | Swamp:4  | Noticed martbhell's ghost (adept MiBe)
 54287 | Swamp:4  | Identified the +7 broad axe of Amorality {flame, Int+5
                  | Stlth+}
 54293 | Swamp:4  | Found a bloodstained altar of Trog.
 54295 | Swamp:4  | Identified the cursed +1 lajatang of Satyriasis {antimagic,
                  | Fragile Str+9 Int+4 SInv}
 54392 | Swamp:4  | Found a transporter.
 54396 | Swamp:4  | Found a transporter.
 55434 | Swamp:4  | Mangled by a spriggan defender

Skill      XL: |  1  2  3  4  5  6  7  8  9 10 11 12 13 14 15 16 17 |
---------------+----------------------------------------------------+-----
Maces & Flails | 2 3 4 5 6 8 9 10 11 12 13 | 13.5
Armour         | 1 2 3 4 5 6 7 8 |  8.6
Throwing       | 2 |  2.5
Translocations | 3 4 5 6 7 8 9 10 11 12 | 12.6
Spellcasting   | 2 4 5 6 7 8 |  8.4
Fighting       | 3 4 5 6 7 8 9 10 11 12 13 | 13.3
Dodging        | 2 3 |  3.1
Charms         | 1 2 3 4 |  4.1
Bows           | 4 5 8 9 12 14 16 17 19 20 | 20.1
Evocations     | 1 |  1.0
Stealth        | |  0.4

Action                   |  1- 3 |  4- 6 |  7- 9 | 10-12 | 13-15 | 16-18 || total
-------------------------+-------+-------+-------+-------+-------+-------++-------
Melee: Mace              |    83 |    88 |       |       |       |       ||   171
       Kick              |    10 |    62 |    63 |   218 |   170 |   127 ||   650
       Flail             |       |   258 |   297 |   518 |       |       ||  1073
       Longbow           |       |       |       |     1 |     1 |     1 ||     3
       Shortbow          |       |       |       |     1 |       |       ||     1
       Great mace        |       |       |       |   112 |   497 |   396 ||  1005
 Fire: Shortbow          |       |       |    66 |   304 |       |       ||   370
       Longbow           |       |       |       |   188 |  1137 |  1055 ||  2380
Throw: Tomahawk          |    11 |     4 |     5 |     1 |     2 |     4 ||    27
       Throwing net      |       |       |       |       |     2 |       ||     2
 Cast: Shroud of Golubri |     4 |    16 |       |    21 |     4 |    18 ||    63
       Blink             |       |     1 |       |    26 |    89 |    77 ||   193
       Passage of Golubr |       |       |       |       |     3 |     1 ||     4
       Song of Slaying   |       |       |       |       |     8 |    16 ||    24
       Swiftness         |       |       |       |       |       |     1 ||     1
Invok: Heroism           |       |       |       |       |       |     1 ||     1
 Abil: Evoke Flight      |       |       |       |       |       |     1 ||     1
Evoke: Wand              |       |       |       |       |    14 |     5 ||    19
       Box of beasts     |       |       |       |       |       |     1 ||     1
       Phantom mirror    |       |       |       |       |       |     1 ||     1
  Use: Scroll            |     6 |     3 |     3 |    32 |    11 |    15 ||    70
       Potion            |       |       |     1 |     6 |     2 |     8 ||    17
  Eat: Chunk             |     1 |    12 |    10 |    25 |    35 |    23 ||   106
       Ration            |       |     1 |       |     4 |     3 |     7 ||    15
Armor: Leather armour    |    15 |       |       |       |       |       ||    15
       Plate armour      |    29 |    12 |   314 |   724 |   720 |   963 ||  2762
       Ring mail         |     7 |   241 |       |       |       |       ||   248
Dodge: Dodged            |    32 |   193 |    46 |   237 |   261 |   249 ||  1018
